 Dungeon Crawl Stone Soup version 0.19-a0-1127-gac58878 (webtiles) character file.

2546 epen the Gouger (level 9, -11/42 HPs)
             Began as a Felid Monk on Aug 12, 2016.
             Was an Elder of Cheibriados.
             Mangled by a troll (18 damage)
             ... on level 8 of the Dungeon.
             The game lasted 00:10:45 (8106 turns).

epen the Gouger (Felid Monk)                        Turns: 8106, Time: 00:10:46

Health: -11/42     AC:  2    Str: 16    XL:     9   Next: 30%
Magic:  9/13       EV: 28    Int: 24    God:    Cheibriados [****..]
Gold:   359        SH:  0    Dex: 27    Spells: 0 memorised, 12 levels left
                                        Lives:  0   Deaths: 2

rFire  . . .     SeeInvis +       - Unarmed
rCold  . . .     Gourm    .     (armour unavailable)
rNeg   . . .     Faith    .     (shield unavailable)
rPois  .         Spirit   .     (helmet unavailable)
rElec  .         Dismiss  .     (cloak unavailable)
rCorr  +         Reflect  .     (gloves unavailable)
SustAt +         Harm     +     (boots unavailable)
MR     +....                    e - amulet of harm
Stlth  ++++++....               E - ring of sustain attributes
                                n - ring of resist corrosion

@: very slow
A: no armour, no weapons or thrown items, claws 1, fangs 3, see invisible,
carnivore 3, speed 1, shaggy fur 2, slow metabolism 1, sharp paws
a: Bend Time, Temporal Distortion, Slouch, Renounce Religion


You were on level 8 of the Dungeon.
You worshipped Cheibriados.
Cheibriados was greatly pleased with you.
You were completely stuffed.

You visited 1 branch of the dungeon, and saw 8 of its levels.
You also visited: Ossuary.

You collected 359 gold pieces.

Inventory:

Jewellery
 e - an amulet of harm (around neck)
 n - a ring of resist corrosion (left paw)
 E - a ring of sustain attributes (right paw)
Wands
 j - a wand of flame (30/48)
 v - a wand of random effects (23/48)
 w - a wand of iceblast (14/15)
 y - a wand of lightning (7/15)
 C - a wand of disintegration (12/24)
 F - a wand of flame (27/48)
Scrolls
 g - 6 scrolls of teleportation
 i - 2 scrolls of enchant weapon
 m - 3 scrolls of remove curse
 p - a scroll of vulnerability {unknown}
 t - 4 scrolls of identify
 x - a scroll of immolation
 A - a scroll of amnesia
Potions
 b - a potion of resistance {unknown}
 c - 5 potions of flight
 d - 4 potions of lignification
 k - 6 potions of curing
 l - 2 potions of haste
 o - a potion of brilliance {unknown}
 q - a potion of degeneration {unknown}
 r - 2 potions of cancellation
 s - a potion of invisibility {unknown}
 u - 3 potions of agility {unknown}
 z - 2 potions of might {unknown}
 B - a potion of mutation {unknown}
Books
 D - Kikubaaqudgha's Disquisition on Dark Secrets
   (You found it on level 5 of the Dungeon)

   Spells                             Type                      Level
   a - Pain                           Necromancy                   1
Comestibles
 a - 3 meat rations
 f - a beef jerky
 h - 2 chunks of flesh
 G - 2 slices of pizza


   Skills:
 + Level 6.7 Fighting
 + Level 8.9 Dodging
 + Level 8.6 Stealth
 * Level 9.0 Unarmed Combat
 + Level 2.0 Spellcasting
 * Level 3.9 Invocations


You had 12 spell levels left.
You didn't know any spells.

Dungeon Overview and Level Annotations

Branches:
Dungeon (8/15)             Temple (0/1) D:7
   Lair: D:8-11

Altars:
Ashenzari
Cheibriados
Dithmenos
Fedhas
Hepliaklqana
Kikubaaqudgha
Okawaru
Qazlal
Sif Muna
Vehumet

Shops:
D:5 :   D:6 %

Annotations:
D:3 1 runed door


Innate Abilities, Weirdness & Mutations

You cannot wear armour.
You are incapable of wielding weapons or throwing items.
You have sharp claws.
You have razor-sharp teeth.
You have supernaturally acute eyesight. (SInv)
You are carnivorous and can eat meat at any time.
You cover ground quickly.
You are covered in thick fur. (AC +2)
You have a slow metabolism.
Your sharp claws are effective at attacking unaware monsters.


Message History

With Pikel's spell broken, the former slaves thank you for their freedom.
You swap places.
A troll comes into view.
Items here: ) [[ † a whip of flaming; a robe; an animal skin; a human corpse You butcher the human corpse.
Items here: % ) [[ ÷ a whip of flaming; a robe; an animal skin; 3 chunks of flesh; a human skeleton There isn't anything to butcher here.
A troll is nearby!
The freed slave barely misses the troll.
The troll completely misses you. The troll barely misses you.
The troll claws you!
Found a leather armour.
You claw the troll!
The troll is heavily wounded.
The troll bites you! The troll misses you. The troll claws you!
* * * LOW HITPOINT WARNING * * *
The troll bites you!
You die...

####..#.####.#
.............#
##.#..#.########
................
###.###.########
.......(.......
###..##.#######
## #)#### #@...#
#pT..# #....#
......#
.p......#
........###
........#
........#
....[#.##


You could see a troll and a neutral freed slave (wandering).

Vanquished Creatures
  Pikel (D:8)
  Grinder (D:3)
  Sigmund (D:3)
  A hungry ghost (D:7)
  A slave (D:8)
  A sky beast (D:4)
  2 ogres
  3 phantoms
  3 centaurs
  2 orc warriors (D:7)
  A big kobold (D:7)
  An elf zombie (Ossuary)
  3 giant frogs
  2 scorpions
  4 wights (D:7)
  2 centaur zombies
  4 hounds
  2 jellies
  A human zombie (Ossuary)
  An orc priest (D:7)
  4 orc wizards
  3 iguanas
  Ijyb (D:4)
  7 worker ants
  2 mummies (Ossuary)
  A worker ant zombie (D:6)
  5 adders
  3 gnolls (D:5)
  7 river rats (D:7)
  2 shadow imps
  An ooze (D:1)
  2 adder zombies (Ossuary)
  An adder skeleton (D:7)
  2 worms
  3 dart slugs
  A giant gecko (D:2)
  16 orcs
  6 bats
  A giant cockroach (D:4)
  18 goblins
  16 hobgoblins
  5 jackals
  14 kobolds
  2 quokkas
  2 ball pythons (D:3)
  2 ball python skeletons
  6 giant newts
  3 goblin zombies (Ossuary)
  14 hobgoblin zombies (Ossuary)
  8 kobold zombies (Ossuary)
  5 orc zombies (Ossuary)
  38 rats
  A rat zombie (Ossuary)
239 creatures vanquished.

Notes
Turn   | Place    | Note
-------+----------+-------------------------------------------
     0 | D:1      | epen the Felid Monk began the quest for the Orb.
     0 | D:1      | Reached XP level 1. HP: 10/10 MP: 2/2
    45 | D:1      | Reached XP level 2. HP: 4/14 MP: 3/3
   787 | D:2      | Reached XP level 3. HP: 17/17 MP: 4/4
   889 | D:2      | Found a faded altar of an unknown god.
  1000 | D:2      | Found a stormy altar of Qazlal.
  1296 | D:2      | Reached XP level 4. HP: 18/21 MP: 5/5
  1619 | D:2      | Reached skill level 4 in Unarmed Combat
  1923 | D:3      | Noticed Grinder
  1935 | D:3      | Slain by Grinder
  1936 | D:3      | Reached XP level 3. HP: -3/17 MP: 4/4
  1958 | D:3      | Found a shattered altar of Ashenzari.
  2029 | D:3      | Noticed Sigmund
  2039 | D:3      | Killed Sigmund
  2039 | D:3      | Reached skill level 5 in Dodging
  2039 | D:3      | Reached XP level 4. HP: 22/22 MP: 5/5
  2039 | D:3      | Reached XP level 5. HP: 25/25 MP: 6/6
  2191 | D:3      | Found an iron altar of Okawaru.
  2206 | D:3      | Found a blossoming altar of Fedhas.
  2215 | D:3      | Found a shadowy altar of Dithmenos.
  2506 | D:3      | Found a runed door.
  2755 | D:3      | Paralysed by Grinder for 3 turns
  2759 | D:3      | HP: 1/25 [Grinder (7)]
  2767 | D:3      | Killed Grinder
  2767 | D:3      | Reached skill level 5 in Stealth
  2767 | D:3      | Reached skill level 5 in Unarmed Combat
  2767 | D:3      | Gained mutation: You are covered in thick fur. (AC +2) [Felid growth]
  2767 | D:3      | Reached XP level 6. HP: 21/28 MP: 7/7
  3116 | D:4      | Reached XP level 7. HP: 31/33 MP: 8/8
  3179 | D:4      | Reached skill level 6 in Unarmed Combat
  3244 | D:4      | Found a sand-covered staircase.
  3253 | Ossuary  | Entered an ossuary
  3590 | Ossuary  | Reached skill level 5 in Fighting
  4032 | D:4      | Reached XP level 8. HP: 28/37 MP: 9/9
  4114 | D:4      | Noticed Ijyb
  4142 | D:4      | Killed Ijyb
  4261 | D:4      | Reached skill level 7 in Unarmed Combat
  4408 | D:5      | Entered Level 5 of the Dungeon
  4682 | D:5      | Found Tant's Book Shoppe.
  4739 | D:5      | Found a snail-covered altar of Cheibriados.
  4758 | D:5      | Became a worshipper of Cheibriados the Contemplative
  4758 | D:5      | Reached * piety under Cheibriados
  4758 | D:5      | Reached ** piety under Cheibriados
  4856 | D:5      | Found a shadowy altar of Dithmenos.
  4937 | D:5      | Found an ancient bone altar of Kikubaaqudgha.
  4941 | D:5      | Found a deep blue altar of Sif Muna.
  4942 | D:5      | Found a radiant altar of Vehumet.
  4944 | D:5      | Identified Kikubaaqudgha's Disquisition on Dark Secrets
  5164 | D:5      | Found a hazy altar of Hepliaklqana.
  5942 | D:6      | Found Ynaskay's Food Emporium.
  5991 | D:6      | Reached skill level 8 in Unarmed Combat
  6348 | D:7      | Slain by a centaur
  6349 | D:7      | Reached XP level 7. HP: 0/34 MP: 8/8
  6545 | D:7      | Found a staircase to the Ecumenical Temple.
  6583 | D:7      | Reached XP level 8. HP: 21/38 MP: 9/9
  6858 | D:7      | Reached skill level 1 in Invocations
  7186 | D:7      | Reached *** piety under Cheibriados
  7186 | D:7      | Reached skill level 1 in Spellcasting
  7315 | D:7      | Reached **** piety under Cheibriados
  7883 | D:7      | Reached XP level 9. HP: 39/42 MP: 12/12
  8090 | D:8      | Noticed Pikel
  8100 | D:8      | Killed Pikel
  8100 | D:8      | Reached skill level 9 in Unarmed Combat
  8101 | D:8      | Noticed a troll
  8106 | D:8      | Mangled by a troll

Vault maps used:
D:1:      dpeg_arrival_tiny_g
D:2:      lemuel_doored_altar, ecumenical_altar_1, minmay_goblin_kobold_house
D:3:      minmay_overflow_temple_star_quad, cheibrodos_ashenzari_chains,
          uniq_grinder, uniq_sigmund, uniq_crazy_yiuf_cottage
D:4:      kennysheep_the_goblin_king, first_bread,
          lightli_ossuary_entry_decrepit_ruins, eino_tiny_chamber
D:5:      grunt_temple_overflow_magic_moments, kennysheep_mini,
          lemuel_round_altar, serial_shops, shop, serial_bayou_pond_c,
          nicolae_dithmenos_shadow_blocks
D:6:      serial_shops, nicolae_shop_crystal
D:7:      lemuel_ratsnest
D:8:      uniq_psyche, uniq_gastronok, uniq_pikel
Ossuary:  ossuary_tomb_1

Skill      XL: |  1  2  3  4  5  6  7  8  9 |
---------------+----------------------------+-----
Stealth        | 3 4 5 6 8 |  8.6
Unarmed Combat | 4 5 6 8 9 |  9.0
Dodging        | 5 6 8 |  8.9
Fighting       | 4 5 6 |  6.7
Invocations    | 3 |  3.9
Spellcasting   | 1 2 |  2.0

Action                   |  1- 3 |  4- 6 |  7- 9 || total
-------------------------+-------+-------+-------++-------
Melee: Unarmed           |   102 |   104 |   444 ||   650
       Bite              |     5 |    10 |    41 ||    56
       Punch             |     2 |     2 |    24 ||    28
Invok: Slouch            |       |       |     1 ||     1
  Use: Potion            |     2 |     1 |     2 ||     5
       Scroll            |       |       |    13 ||    13
 Stab: Sleeping          |    10 |     8 |    31 ||    49
       Distracted        |     1 |     1 |     2 ||     4
  Eat: Chunk             |    12 |     5 |    15 ||    32
Armor: Skin              |     2 |       |    15 ||    17
Dodge: Dodged            |    60 |    61 |   345 ||   466
